 Dungeon Crawl Stone Soup version 0.30.0-20-g3615ddf2f0 (webtiles) character file.

Game seed: 10577095365492241727

1524 qw the Cleaver (level 8, -7/51 HPs)
             Began as a Gargoyle Fighter on May 28, 2023.
             Mangled by Prince Ribbit (13 damage)
             ... on level 6 of the Dungeon.
             The game lasted 00:03:03 (5426 turns).

qw the Cleaver (Gargoyle Fighter)                   Turns: 5426, Time: 00:03:04

Health: -7/51      AC: 17    Str: 21    XL:     8   Next: 84%
Magic:  8/8        EV: 13    Int: 10    God:
Gold:   354        SH:  4    Dex:  9    Spells: 7/7 levels left

rFire   . . .        Y - +0 war axe
rCold   . . .        c - +0 buckler
rNeg    + . .        l - +0 chain mail
rPois   inf          m - +0 helmet
rElec   +            (no cloak)
rCorr   .            (no gloves)
SInv    .            h - +0 pair of boots
Will    .....        (no amulet) Stlth
                     a - +5 ring of evasion
HPRegen 0.28/turn    (no ring)
MPRegen 0.11/turn

%: no passive effects
@: no status effects
A: sickness immunity, AC +5, negative energy resistance 1, electricity
resistance, torment resistance 1, petrification resistance
a: no special abilities


You were on level 6 of the Dungeon.
You visited 1 branch of the dungeon, and saw 6 of its levels.

You collected 354 gold pieces.


Innate Abilities, Weirdness & Mutations

You are immune to sickness and miasma.
Your stone body is resilient. (AC +5)
You are immune to poison.
You resist negative energy. (rN+)
You are resistant to electric shocks. (rElec)
You are resistant to unholy torment.
You are immune to petrification.


   Skills:
 - Level 6.0 Fighting
 + Level 8.3 Axes
 - Level 1.1 Throwing
 - Level 4.3 Armour
 - Level 1.7 Dodging
 - Level 3.2 Shields


You had 7 spell levels left.
You didn't know any spells.
Your spell library was empty.

Inventory:

Hand Weapons
 e - a +0 flail
 Y - a +0 war axe (weapon)
Armour
 c - a +0 buckler (worn)
 h - a +0 pair of boots (worn)
 l - a +0 chain mail (worn)
 m - a +0 helmet (worn)
Jewellery
 a - a +5 ring of evasion (left hand)
Scrolls
 b - a scroll of identify
Potions
 d - 2 potions of might
 f - a potion of cancellation
 g - 4 potions of curing
 i - a potion of resistance
 k - a potion of haste
 o - a potion of mutation
 p - 2 potions of attraction

Dungeon Overview and Level Annotations

Branches:
Dungeon (6/15)
 Temple: D:4-7

Altars:
Ashenzari
Cheibriados
Dithmenos
Elyvilon
Zin

Shops:
D:3 (

Portals:
Abyss: D:3

Annotations:
D:3 2 transporters, qw's ghost, amateur GrFi
D:6 Prince Ribbit


Message History

Prince Ribbit closely misses you. Prince Ribbit barely misses you.
You barely miss Prince Ribbit.
Prince Ribbit is moderately wounded.
Prince Ribbit hits you!
You barely miss Prince Ribbit.
Prince Ribbit is moderately wounded.
Prince Ribbit hits you! You block Prince Ribbit's attack.
You hit Prince Ribbit.
Prince Ribbit is moderately wounded.
You block Prince Ribbit's attack.
Prince Ribbit hits you but does no damage.
You barely miss Prince Ribbit.
Prince Ribbit is moderately wounded.
Prince Ribbit hits you!
You completely miss Prince Ribbit.
Prince Ribbit is moderately wounded.
Prince Ribbit hits you.
Prince Ribbit hops awkwardly around.
Prince Ribbit barely misses you.
You hit Prince Ribbit but do no damage.
Prince Ribbit is moderately wounded.
You block Prince Ribbit's attack.
You closely miss Prince Ribbit.
Prince Ribbit is moderately wounded.
Prince Ribbit hits you but does no damage.
You barely miss Prince Ribbit.
Prince Ribbit is moderately wounded.
Prince Ribbit misses you.
Prince Ribbit blinks!
Prince Ribbit blinks! x2
You start resting.
Prince Ribbit is nearby!
Prince Ribbit blinks!
Prince Ribbit blinks!
You miss Prince Ribbit.
Prince Ribbit is moderately wounded.
Prince Ribbit completely misses you. Prince Ribbit closely misses you.
You closely miss Prince Ribbit.
Prince Ribbit is moderately wounded.
Prince Ribbit closely misses you. Prince Ribbit hits you!
You die...

#............. ####
..####.###..##..
#..######.....#####..##..
#.......#.....#..........
#....)).#.....#..........
#..###..#.....+..........
#..###..#.....#..##..##..
#...#...#.....#..##### ..
#...#...@.....#......####
#...##).#F....#..........
#...##..#.....#).........
#....#..#.....)......####
#....'..#.....#.###+##
#...##..#....####
#...##+##....#
#...'...#....#
#...#...#.%..#


You could see Prince Ribbit.

Vanquished Creatures
  Sigmund (D:4)
  Duvessa (D:6)
  An ice beast (D:6)
  3 black bears (D:4)
  An ogre (D:4)
  A kobold brigand (D:5)
  A scorpion (D:4)
  3 wights (D:6)
  Dowan (D:6)
  A jelly (D:4)
  2 orc priests (D:4)
  A hound (D:4)
  A sleepcap (D:5)
  3 iguanas
  11 adders
  A white imp (D:5)
  3 worms
  15 dart slugs
  11 orcs
  6 ball pythons
  5 endoplasms
  2 giant cockroaches
  8 goblins
  3 hobgoblins
  6 jackals
  32 kobolds
  3 quokkas
  4 bats
  6 frilled lizards
  3 rats
140 creatures vanquished.

Vanquished Creatures (others)
  A dart slug (D:3)
1 creature vanquished.

Grand Total: 141 creatures vanquished

Notes
Turn   | Place    | Note
-------+----------+-------------------------------------------
     0 | D:1      | qw the Gargoyle Fighter began the quest for the Orb.
     0 | D:1      | Reached XP level 1. HP: 14/14 MP: 1/1
     0 | D:1      | 0 ||| qw: Version: 0.2-a-101-gf8a7cd0
     0 | D:1      | 0 ||| qw: Game counter: 269
     0 | D:1      | 0 ||| qw: Always use a shield: true
     0 | D:1      | 0 ||| qw: God list: Okawaru
     0 | D:1      | 0 ||| qw: Allow faded altars: false
     0 | D:1      | 0 ||| qw: Do Orc after D:15 true
     0 | D:1      | 0 ||| qw: Do second Lair branch before Depths: true
     0 | D:1      | 0 ||| qw: Lair rune preference: random
     0 | D:1      | 0 ||| qw: Plans: Normal, Zot:1-4, Slime:5, God:TSO, Crypt,
                  | Tomb, Pan, Hells, Abyss, Win
     0 | D:1      | 0 ||| PLANNING D:1-11
    49 | D:1      | Found a faded altar of an unknown god.
    78 | D:1      | 78 ||| Stepping ~*~*~tactically~*~*~ (hiding).
    79 | D:1      | 79 ||| Stepping ~*~*~tactically~*~*~ (hiding).
    81 | D:1      | 81 ||| Stepping ~*~*~tactically~*~*~ (hiding).
    87 | D:1      | Reached skill level 2 in Axes
   258 | D:1      | HP: 3/14 [frozen (5)]
   348 | D:1      | 348 ||| Stepping ~*~*~tactically~*~*~ (stealth).
   358 | D:1      | Reached XP level 2. HP: 16/19 MP: 2/2
   363 | D:1      | 363 ||| Stepping ~*~*~tactically~*~*~ (hiding).
   364 | D:1      | 364 ||| Stepping ~*~*~tactically~*~*~ (hiding).
   373 | D:1      | HP: 2/19 [kobold/+0 whip (4)]
   378 | D:1      | HP: 2/19 [kobold/+0 whip (2)]
   454 | D:1      | 454 ||| DROPPING +0 club.
   632 | D:1      | Reached skill level 3 in Axes
   706 | D:1      | Reached XP level 3. HP: 23/23 MP: 3/3
   818 | D:1      | 818 ||| UPGRADING to +0 pair of boots.
   823 | D:1      | 823 ||| READING scroll labelled ZYIJAQ AFEZI.
   828 | D:1      | 828 ||| READING scroll labelled LONTAI ZAITEO.
   829 | D:1      | 829 ||| READING scroll labelled FILIDY JUTSE.
   830 | D:1      | 830 ||| READING scroll labelled NURATA QYLE.
   831 | D:1      | 831 ||| READING scroll labelled REOSUO POVO.
   906 | D:2      | 906 ||| Stepping ~*~*~tactically~*~*~ (stealth).
  1046 | D:2      | 1046 ||| Stepping ~*~*~tactically~*~*~ (stealth).
  1047 | D:2      | 1047 ||| Stepping ~*~*~tactically~*~*~ (stealth).
  1048 | D:2      | 1048 ||| Stepping ~*~*~tactically~*~*~ (stealth).
  1049 | D:2      | 1049 ||| Stepping ~*~*~tactically~*~*~ (stealth).
  1050 | D:2      | 1050 ||| Stepping ~*~*~tactically~*~*~ (stealth).
  1070 | D:2      | Reached XP level 4. HP: 26/28 MP: 4/4
  1265 | D:2      | Found a snail-covered altar of Cheibriados.
  1311 | D:2      | 1311 ||| UPGRADING to +5 ring of evasion.
  1312 | D:2      | 1312 ||| READING scroll labelled ZOARCHEANGI.
  1313 | D:2      | 1313 ||| DRINKING 2 sapphire potions.
  1314 | D:2      | 1314 ||| DRINKING 2 fuming silvery potions.
  1334 | D:3      | Reached skill level 4 in Axes
  1363 | D:3      | 1363 ||| Stepping ~*~*~tactically~*~*~ (hiding).
  1388 | D:3      | Noticed a small abomination
  1399 | D:3      | Found a one-way gate to the infinite horrors of the Abyss.
  1399 | D:3      | Noticed qw's ghost (amateur GrFi)
  1402 | D:3      | Found a transporter.
  1412 | D:3      | Found a transporter.
  1536 | D:3      | Noticed a kobold brigand
  1766 | D:3      | Found a broken altar of Ashenzari.
  1766 | D:3      | Found a glowing silver altar of Zin.
  1869 | D:3      | Found Keqokk Deryo's Weapon Shoppe.
  1903 | D:3      | Reached XP level 5. HP: 32/32 MP: 5/5
  2023 | D:3      | 2023 ||| Stepping ~*~*~tactically~*~*~ (stealth).
  2237 | D:3      | 2237 ||| UPGRADING to +0 chain mail.
  2247 | D:3      | 2247 ||| DROPPING +0 scale mail.
  2248 | D:3      | 2248 ||| UPGRADING to +0 helmet.
  2253 | D:3      | 2253 ||| READING scroll labelled TON CUVATAP.
  2254 | D:3      | 2254 ||| READING scroll labelled ISAIMI YFUOMORPH.
  2255 | D:3      | 2255 ||| DRINKING 2 coppery potions.
  2298 | D:4      | Noticed a black bear
  2306 | D:4      | Killed a black bear
  2307 | D:4      | Reached skill level 5 in Axes
  2393 | D:4      | Reached XP level 6. HP: 38/38 MP: 6/6
  2497 | D:4      | Noticed Sigmund
  2498 | D:4      | 2498 ||| Stepping ~*~*~tactically~*~*~ (hiding).
  2500 | D:4      | 2500 ||| Stepping ~*~*~tactically~*~*~ (hiding).
  2518 | D:4      | Killed Sigmund
  2519 | D:4      | Reached skill level 6 in Axes
  2519 | D:4      | Reached XP level 7. HP: 38/43 MP: 7/7
  2682 | D:4      | Reached skill level 1 in Dodging
  2698 | D:4      | 2698 ||| Stepping ~*~*~tactically~*~*~ (stealth).
  2699 | D:4      | 2699 ||| Stepping ~*~*~tactically~*~*~ (stealth).
  2725 | D:4      | 2725 ||| Stepping ~*~*~tactically~*~*~ (stealth).
  2726 | D:4      | 2726 ||| Stepping ~*~*~tactically~*~*~ (stealth).
  2818 | D:4      | 2818 ||| Stepping ~*~*~tactically~*~*~ (stealth).
  2828 | D:4      | Reached skill level 7 in Axes
  2990 | D:4      | 2990 ||| Stepping ~*~*~tactically~*~*~ (hiding).
  2992 | D:4      | 2992 ||| Stepping ~*~*~tactically~*~*~ (hiding).
  2994 | D:4      | 2994 ||| Stepping ~*~*~tactically~*~*~ (hiding).
  2996 | D:4      | 2996 ||| Stepping ~*~*~tactically~*~*~ (hiding).
  3149 | D:4      | Reached XP level 8. HP: 33/49 MP: 8/8
  3151 | D:4      | 3151 ||| Stepping ~*~*~tactically~*~*~ (stealth).
  3446 | D:4      | 3446 ||| Stepping ~*~*~tactically~*~*~ (hiding).
  3448 | D:4      | 3448 ||| Stepping ~*~*~tactically~*~*~ (hiding).
  3451 | D:4      | 3451 ||| Stepping ~*~*~tactically~*~*~ (hiding).
  3452 | D:4      | 3452 ||| Stepping ~*~*~tactically~*~*~ (hiding).
  3454 | D:4      | 3454 ||| Stepping ~*~*~tactically~*~*~ (hiding).
  3625 | D:4      | 3625 ||| READING scroll labelled CUET CIPHOMOEN.
  3626 | D:4      | 3626 ||| DRINKING 3 fizzy cyan potions.
  3627 | D:4      | 3627 ||| READING 3 scrolls of identify.
  3627 | D:4      | 3627 ||| IDENTIFYING bubbling amethyst potion
  3628 | D:4      | 3628 ||| READING 2 scrolls of identify.
  3628 | D:4      | 3628 ||| IDENTIFYING sedimented coppery potion
  3629 | D:4      | 3629 ||| DROPPING 2 potions of flight.
  3648 | D:5      | Entered Level 5 of the Dungeon
  3654 | D:5      | Reached skill level 1 in Throwing
  3683 | D:5      | Found a shadowy altar of Dithmenos.
  3866 | D:5      | 3866 ||| DROPPING +0 whip.
  3985 | D:5      | 3985 ||| Stepping ~*~*~tactically~*~*~ (hiding).
  3995 | D:5      | 3995 ||| FLEEEEING.
  3996 | D:5      | 3996 ||| FLEEEEING.
  3997 | D:5      | 3997 ||| FLEEEEING.
  3998 | D:5      | 3998 ||| FLEEEEING.
  3999 | D:5      | 3999 ||| FLEEEEING.
  4000 | D:5      | 4000 ||| FLEEEEING.
  4001 | D:5      | 4001 ||| FLEEEEING.
  4166 | D:5      | Found a white marble altar of Elyvilon.
  4791 | D:5      | 4791 ||| READING 4 scrolls of identify.
  4791 | D:5      | 4791 ||| IDENTIFYING grey potion
  4792 | D:5      | 4792 ||| READING 3 scrolls of identify.
  4792 | D:5      | 4792 ||| IDENTIFYING smoky sapphire potion
  4793 | D:5      | 4793 ||| READING 2 scrolls of identify.
  4793 | D:5      | 4793 ||| IDENTIFYING pink potion
  4794 | D:5      | 4794 ||| DROPPING potion of brilliance.
  4795 | D:5      | 4795 ||| DROPPING potion of degeneration.
  4890 | D:6      | Noticed Duvessa
  4890 | D:6      | Noticed Dowan
  4910 | D:6      | Killed Duvessa
  4911 | D:6      | Reached skill level 8 in Axes
  4912 | D:6      | 4912 ||| Stepping ~*~*~tactically~*~*~ (hiding).
  4915 | D:6      | 4915 ||| Stepping ~*~*~tactically~*~*~ (hiding).
  4916 | D:6      | 4916 ||| Stepping ~*~*~tactically~*~*~ (hiding).
  4927 | D:6      | Killed Dowan
  5234 | D:6      | Reached skill level 6 in Fighting
  5236 | D:6      | HP: 11/51 [wight/+2 long sword (4)]
  5390 | D:6      | Noticed Prince Ribbit
  5409 | D:6      | HP: 6/51 [Prince Ribbit (8)]
  5410 | D:6      | HP: 1/51 [Prince Ribbit (5)]
  5426 | D:6      | Mangled by Prince Ribbit

Levels and vault maps discovered:
D:1:      lemuel_arrival_rhombus, layout_basic, shapermc_ecumenical_altar_gd
D:2:      layout_rooms, basic_altar
D:3:      kennysheep_slugbush, layout_basic, nicolae_overflow_two_pavilions,
          gammafunk_ghost_abyssal_escape, serial_shops,
          nicolae_shop_behind_doors
D:4:      layout_basic, grunt_ministairs_5, uniq_sigmund
D:5:      kennysheep_kobold_camp, layout_basic, mainiacjoe_overflow_paths,
          mainiacjoe_overflow_concentric_impassable
D:6:      layout_gridville, small_statue_intersection, uniq_duvessa,
          uniq_prince_ribbit1

Skill      XL: |  1  2  3  4  5  6  7  8 |
---------------+-------------------------+-----
Axes           | 2 3 4 5 6 7 8 |  8.3
Fighting       | 4 5 6 |  6.0
Dodging        | 1 |  1.7
Throwing       | 1 |  1.1
Armour         | 4 |  4.3
Shields        | |  3.2

Action                     |  1- 3 |  4- 6 |  7- 9 || total
---------------------------+-------+-------+-------++-------
  Melee: War axe           |   124 |   105 |   209 ||   438
  Throw: Boomerang         |       |    28 |    55 ||    83
    Use: Scroll            |     5 |     3 |     6 ||    14
         Potion            |       |     3 |     1 ||     4
 Armour: Scale mail        |    56 |    21 |       ||    77
         Chain mail        |       |    11 |    98 ||   109
  Dodge: Dodged            |    58 |    66 |   124 ||   248
  Block: Buckler           |    18 |    18 |    40 ||    76

Table legend:
 A = Non-vault XP
 B = Vault XP
 C = Vault XP percentage of total XP
 D = Non-vault monster count
 E = Vault monster count
 F = Vault count percentage of total count
                 A         B        C        D         E       F
            +---------+---------+-------+---------+---------+-------
      Total |    1435 |     743 |  34.1 |     103 |      38 |  27.0
            +---------+---------+-------+---------+---------+-------
        D:1 |      35 |       0 |   0.0 |      23 |       0 |   0.0
        D:2 |      54 |       0 |   0.0 |      22 |       0 |   0.0
        D:3 |      41 |      47 |  53.4 |      13 |      12 |  48.0
        D:4 |     720 |     356 |  33.1 |      26 |       3 |  10.3
        D:5 |     199 |     131 |  39.7 |      14 |      21 |  60.0
        D:6 |     386 |     209 |  35.1 |       5 |       2 |  28.6
            +---------+---------+-------+---------+---------+-------
